 Dungeon Crawl Stone Soup version 0.17.2 (webtiles) character file.

72 MistressOfTheDunes the Insei (level 4, 0/35 HPs)
             Began as a Mummy Monk on July 15, 2016.
             Hit by a stone thrown by a hobgoblin (3 damage)
             ... on level 2 of the Dungeon.
             The game lasted 00:01:42 (1565 turns).

MistressOfTheDunes the Insei (Mummy Monk)           Turns: 1565, Time: 00:01:42

Health: 0/35       AC:  2    Str: 14    XL:     4   Next: 7%
Magic:  4/4        EV: 13    Int:  9    God:
Gold:   37         SH:  0    Dex: 15    Spells: 0 memorised, 3 levels left

rFire  x . .     SeeInvis .       - Unarmed
rCold  + . .     Clarity  .     (no armour)
rNeg   + + +     SustAt   .     (no shield)
rPois  ∞         Gourm    .     e - +1 hat
rElec  .         Spirit   .     (no cloak)
rCorr  .         Warding  .     f - +0 pair of gloves
rMut   .         Stasis   .     (no boots)
MR     .....                    (no amulet)
Stlth  ++........               (no ring)
                                (no ring)

@: not resistant to hostile enchantments, unstealthy
A: no food or potions, fire vulnerability, cold resistance 1, negative energy
resistance 3, torment resistance, unbreathing
a: no special abilities


You were on level 2 of the Dungeon.
You were not hungry.

You visited 1 branch of the dungeon, and saw 2 of its levels.

You collected 37 gold pieces.


Innate Abilities, Weirdness & Mutations

You do not eat or drink.
Your flesh is vulnerable to fire.
You are immune to poison.
Your flesh is cold resistant.
You are immune to negative energy.
You are immune to unholy pain and torment.
You can survive without breathing.


   Skills:
 - Level 3.0 Fighting
 - Level 2.4 Dodging
 - Level 1.5 Stealth
 + Level 4.6 Unarmed Combat


You had 3 spell levels left.
You didn't know any spells.

Inventory:

Armour
 e - a +1 hat (worn)
 f - a +0 pair of gloves (worn)
Jewellery
 b - an uncursed amulet of resist corrosion
Scrolls
 a - a scroll of immolation {unknown}
 c - 2 scrolls of identify {unknown}
 d - a scroll of amnesia {unknown}
 g - a scroll of random uselessness {unknown}
 h - a scroll of remove curse {unknown}
 i - a scroll of magic mapping {unknown}
 j - a scroll of blinking {unknown}

Dungeon Overview and Level Annotations

Branches:
Dungeon (2/15)

Altars:

.▒.▒ ...▒..8.8..▒...▒
.▒.▒ ▒...8._.8.....
▒▒.▒▒▒▒▒▒ ▒▒▒...8.8..▒.▒
.................8.....▒
▒▒..▒▒▒▒▒▒ ▒▒.!...=....▒
▒..▒ ▒.▒.▒g▒▒▒▒.▒ ▒....
▒...▒ ▒ .)....
▒.▒▒▒.▒▒▒▒.▒ ▒▒.▒▒▒▒
▒...M......▒ .▒
▒▒.▒▒.▒▒▒▒▒▒ .▒ ▒ ▒.▒
▒.▒▒▒▒▒▒.▒ ▒........▒
▒.▒▒▒▒▒▒▒▒ ▒▒.▒▒ ▒▒...▒▒
▒▒▒▒▒▒▒ ▒.....▒


You could see a hobgoblin.


Message History

The giant gecko bites you!
You barely miss the worm!
The worm is severely wounded!
The hobgoblin closely misses you! The giant gecko bites you!
You pummel the worm but do no damage!
The worm is severely wounded!
The worm bites you!
The giant gecko bites you! * * * don't die
* * * The hobgoblin misses you!
You are too injured to fight recklessly!!!
You are too injured to fight recklessly!!!
You are too injured to fight recklessly!!!
You are too injured to fight recklessly!!!
You are too injured to fight recklessly!!!
You are too injured to fight recklessly!!!
You are too injured to fight recklessly!!!
You are too injured to fight recklessly!!!
You are too injured to fight recklessly!!!
Unknown command!
The giant gecko misses you!
The giant gecko bites you! * * * don't die
* * * You squash the giant gecko like an ant!!!
You annihilate the giant gecko!!!
The hobgoblin throws a stone!
The stone hits you! * * * don't die
* * * You swing at nothing!
The hobgoblin throws a stone!
The stone hits you! * * * don't die
* * * You swing at nothing!
The hobgoblin throws a stone!
The stone hits you! rip

Action                   |  1- 3 |  4- 6 || total
-------------------------+-------+-------++-------
Melee: Unarmed           |   111 |     8 ||   119
 Stab: Sleeping          |     5 |       ||     5

Vault maps used:
D:1:      nagdon_arrival_double_spiral, hangedman_abyss_or_decor_lesser_grid
D:2:      grunt_temple_overflow_open, ecumenical_altar_2

Notes
Turn   | Place    | Note
--------------------------------------------------------------
     0 | D:1      | MistressOfTheDunes the Mummy Monk began the quest for the Orb.
     0 | D:1      | Reached XP level 1. HP: 18/18 MP: 1/1
   477 | D:1      | Reached XP level 2. HP: 18/24 MP: 2/2
   771 | D:1      | Reached skill level 4 in Unarmed Combat
   986 | D:2      | Reached XP level 3. HP: 24/29 MP: 3/3
  1469 | D:2      | Reached XP level 4. HP: 28/35 MP: 4/4
  1545 | D:2      | Found a faded altar to an unknown god.
  1564 | D:2      | HP: 3/35 [hobgoblin/stone (5)]
  1565 | D:2      | Hit by a stone thrown by a hobgoblin

Vanquished Creatures
  4 adders (D:2)
  An ooze (D:1)
  2 giant geckos (D:2)
  6 bats
  2 giant cockroaches (D:1)
  5 goblins (D:1)
  A hobgoblin (D:2)
  3 giant newts (D:1)
  2 kobolds
26 creatures vanquished.
